 Dungeon Crawl Stone Soup version 0.29.1-2-gbd0b4ee654 (webtiles) character file.

Game seed: 18260303365811030172

7224 firemarshallily the Chopper (level 10, -11/79 HPs)
             Began as a Demonspawn Gladiator on Oct 31, 2022.
             Was a High Priest of Okawaru.
             Killed by the air
             ... invoked by Gastronok
              (32 damage)
             ... on level 9 of the Dungeon.
             The game lasted 00:29:45 (6434 turns).

firemarshallily the Chopper (Demonspawn Gladiator)  Turns: 6434, Time: 00:29:45

Health: -11/79     AC:  9    Str: 19    XL:     10   Next: 88%
Magic:  10/10      EV: 12    Int: 19    God:    Okawaru [*****.]
Gold:   367        SH:  7    Dex: 23    Spells: 9/9 levels left

rFire   . . .      SeeInvis +   E - +6 war axe of Disembowelment {vorpal, rC+ Int+5 Dex+3}
rCold   + . .      Faith    .   J - +0 buckler
rNeg    + . .      Spirit   .   A - +0 acid dragon scales
rPois   .          Reflect  .   c - +0 helmet
rElec   .          Harm     .   q - +2 cloak
rCorr   +          Rampage  .   (no gloves)
Will    .....      Clarity  +   (no boots)
Stlth   ++........              v - amulet "Ycoagoaf" {Regen+ Dex+6}
HPRegen 1.03/turn               G - ring of see invisible
MPRegen 0.12/turn               N - ring of positive energy

@: no status effects
A: foul stench 2, big brain 2, clarity, deformed body
a: Renounce Religion, Heroism, Finesse, Duel


You were on level 9 of the Dungeon.
You worshipped Okawaru.
Okawaru was extremely pleased with you.
You visited 2 branches of the dungeon, and saw 10 of its levels.

You collected 447 gold pieces.
You spent 80 gold pieces at shops.

Inventory:

Hand Weapons
 a - a +0 trident
 E - the +6 war axe of Disembowelment (weapon) {vorpal, rC+ Int+5 Dex+3}
   (You found it on level 5 of the Dungeon)

   It inflicts extra damage upon your enemies.
   Int:       It affects your intelligence (+5).
   Dex:       It affects your dexterity (+3).
   rC:        It protects you from cold.
Missiles
 d - 3 throwing nets
 l - 61 stones
 o - 5 boomerangs (quivered)
 t - 2 curare-tipped darts
 C - 12 poisoned darts
Armour
 b - a +0 leather armour
 c - a +0 helmet (worn)
 q - a +2 cloak (worn)
 A - +0 acid dragon scales (worn)
 J - a +0 buckler (worn)
Jewellery
 v - the amulet "Ycoagoaf" (around neck) {Regen+ Dex+6}
   (You found it on level 2 of the Dungeon)

   [amulet of regeneration]

   Dex:       It affects your dexterity (+6).
   Regen:     It increases your rate of health regeneration.
 F - a +6 ring of intelligence
 G - a ring of see invisible (left hand)
 K - an amulet of faith
 L - an amulet of the acrobat
 N - a ring of positive energy (right hand)
 O - a ring of protection from fire
Wands
 e - a wand of flame (2)
 y - a wand of paralysis (11)
Scrolls
 g - a scroll of acquirement {unknown}
 i - 6 scrolls of fog
 k - 4 scrolls of immolation
 m - 2 scrolls of enchant weapon
 n - 3 scrolls of amnesia
 p - a scroll of fear {unknown}
 s - 2 scrolls of magic mapping
 w - 3 scrolls of blinking
 B - a scroll of teleportation {unknown}
 D - 3 scrolls of poison
 I - a scroll of vulnerability
 P - a scroll of silence {unknown}
Potions
 f - 2 potions of cancellation
 h - a potion of degeneration {unknown}
 r - a potion of ambrosia {unknown}
 u - a potion of attraction {unknown}
 x - 4 potions of curing
 z - 3 potions of brilliance {unknown}
 H - a potion of magic {unknown}
 M - a potion of flight {unknown}
 Q - a potion of might {unknown}
 R - 3 potions of lignification {unknown}
 S - a potion of berserk rage {unknown}


   Skills:
 + Level 7.0 Fighting
 * Level 7.5(8.2) Axes
 - Level 5.0(7.0) Polearms
 + Level 6.3 Throwing
 + Level 6.0 Armour
 - Level 2.6 Dodging
 * Level 6.7 Shields


You had 9 spell levels left.
You didn't know any spells.
Your spell library contained the following spells:

 Spells                   Type           Power      Damage    Failure   Level
 Scorch                   Fire           0%         2d5       45%         2
 Flame Wave               Conj/Fire      0%         2d4       97%         4
 Summon Cactus Giant      Summ           Unusable   N/A       N/A         6

Dungeon Overview and Level Annotations

Branches:
Dungeon (9/15)             Temple (1/1) D:4            Lair (0/5) D:8
    Orc: D:9-12

Altars:
Ashenzari
Cheibriados
Dithmenos
Fedhas
Gozag
Hepliaklqana
Kikubaaqudgha
Makhleb
Nemelex Xobeh
Okawaru
Qazlal
Ru
Sif Muna
Trog
Uskayaw
Vehumet
Wu Jian
Xom
Yredelemnul

Shops:
D:6 *

Annotations:
D:2 Sigmund
D:3 3 runed translucent doors, angelusfrater's ghost, amateur OpCj; deadpool521's ghost, amateur DrAK
D:5 1 runed translucent door, KittyFluff's ghost, novice GrBe
D:9 Gastronok


Innate Abilities, Weirdness & Mutations

You sometimes emit foul miasma when damaged in melee.
You have an extremely huge brain. (Int +4)
You possess an exceptional clarity of mind.
Armour fits poorly on your strangely shaped body.


Message History

You hit Gastronok.
Gastronok is heavily wounded.
You hit the ogre zombie. You slash Gastronok!
Gastronok is severely wounded.
You hit the ogre zombie. x2; You block the ogre zombie's attack.
Gastronok bites you!!
* * * LOW HITPOINT WARNING * * *
The ogre zombie hits you but does no damage.
You feel better.
An orc skeleton comes into view.
You hit Gastronok.
Gastronok is severely wounded.
You slash the ogre zombie! x2; The ogre zombie barely misses you.
Gastronok gurgles, "I bet you'll be tasty."
You block Gastronok's attack. You block the ogre zombie's attack.
You slash Gastronok!
Gastronok is severely wounded.
You slash the ogre zombie! x2
You destroy the ogre zombie!
Okawaru accepts your kill. The ogre zombie hits you.
* * * LOW HITPOINT WARNING * * *
Gastronok waves his eye-stalks in wide circles.
The air twists around and strikes you.
* * * LOW HITPOINT WARNING * * *
You hit Gastronok.
Gastronok is severely wounded.
You slash the orc zombie!
You destroy the orc zombie!
You hit the ogre zombie. You hit Gastronok.
Gastronok is severely wounded.
You barely miss the orc zombie. You hit the ogre zombie.
The ogre zombie closely misses you. The orc zombie hits you.
* * * LOW HITPOINT WARNING * * *
You emit a cloud of foul miasma!
Gastronok waves his eye-stalks in wide circles.
The air twists around and strikes you!!
You die...

#.......>......#
#...<.........##
#>............#
.........#
.........##
..........##
.......##..##
......##....#
##...#
#@##...... ####
#ZwZ####...
..Z8ZZ. ..
#..).Z..Z.# .
#..)).....#
#..((.....#
..(....(.(.
#............


You could see Gastronok, 2 hobgoblin zombies, 2 orc zombies, 2 ogre zombies and
an orc skeleton.

Vanquished Creatures
  Pikel (D:7)
  Maurice (D:9)
  An elephant (D:8)
  Maggie (D:6)
  Grinder (D:3)
  A hornet (D:8)
  10 yaks
  A shadow (D:9)
  2 wyverns
  Eustachio (D:4)
  2 basilisks (D:8)
  A two-headed ogre zombie (D:9)
  A water moccasin (D:6)
  A black bear (D:5)
  3 sky beasts (D:7)
  2 ice beasts
  A centaur (D:7)
  A phantom (D:9)
  A lemure (D:7)
  2 kobold brigands (D:7)
  A bullfrog (D:9)
  3 gnoll sergeants
  A scorpion (D:6)
  16 wights
  2 troll zombies (D:9)
  4 hounds
  4 jellies
  2 orc priests
  3 iguanas
  6 orc wizards
  3 ogre zombies (D:9)
  10 gnolls
  8 adders
  A shadow imp (D:8)
  4 white imps
  3 ufetubi
  A worm (D:2)
  A dart slug (D:1)
  16 orcs
  6 endoplasms
  5 giant cockroaches
  3 goblins
  10 hobgoblins
  4 jackals (D:1)
  2 quokkas
  8 ball pythons
  9 bats
  3 frilled lizards
  2 goblin skeletons (D:9)
  2 goblin zombies (D:9)
  A hobgoblin skeleton (D:9)
  2 hobgoblin zombies (D:9)
  9 kobolds
  2 orc skeletons (D:9)
  11 orc zombies (D:9)
  6 rats
  A bush (D:7)
210 creatures vanquished.

Vanquished Creatures (others)
  A fungus (D:8)
  37 plants
38 creatures vanquished.

Grand Total: 248 creatures vanquished

Notes
Turn   | Place    | Note
-------+----------+-------------------------------------------
     0 | D:1      | firemarshallily the Demonspawn Gladiator began the quest
                  | for the Orb.
     0 | D:1      | Reached XP level 1. HP: 16/16 MP: 1/1
   189 | D:1      | Gained mutation: You may rarely emit foul miasma when
                  | damaged in melee. [demonic ancestry]
   189 | D:1      | Reached XP level 2. HP: 22/22 MP: 2/2
   749 | D:1      | Reached XP level 3. HP: 28/28 MP: 3/3
  1116 | D:2      | Reached skill level 1 in Armour
  1633 | D:2      | Identified the +0 ring mail "Banots" {SInv}
  1785 | D:2      | Noticed Sigmund
  1926 | D:2      | Identified the amulet "Ycoagoaf" {Regen+ Dex+6}
  1989 | D:3      | Gained mutation: You sometimes emit foul miasma when
                  | damaged in melee. [demonic ancestry]
  1989 | D:3      | Reached XP level 4. HP: 34/34 MP: 4/4
  2004 | D:3      | Found a sparkling altar of Nemelex Xobeh.
  2009 | D:3      | Found a hide-covered altar of Uskayaw.
  2009 | D:3      | Found a snail-covered altar of Cheibriados.
  2011 | D:3      | Found a blossoming altar of Fedhas.
  2013 | D:3      | Found a broken altar of Ashenzari.
  2233 | D:3      | Found an ancient bone altar of Kikubaaqudgha.
  2488 | D:3      | Noticed Grinder
  2504 | D:3      | Killed Grinder
  2505 | D:3      | Reached XP level 5. HP: 41/41 MP: 5/5
  2505 | D:3      | Reached XP level 6. HP: 47/47 MP: 6/6
  2605 | D:3      | Found a runed translucent gate.
  2605 | D:3      | Found a runed translucent gate.
  2605 | D:3      | Found a runed translucent gate.
  2606 | D:3      | Noticed deadpool521's ghost (amateur DrAK)
  2607 | D:3      | Noticed angelusfrater's ghost (amateur OpCj)
  2733 | D:4      | Found a staircase to the Ecumenical Temple.
  2763 | Temple   | Entered the Ecumenical Temple
  2788 | Temple   | Became a worshipper of Warmaster Okawaru
  2978 | D:4      | Noticed Eustachio
  3021 | D:4      | Gained mutation: Potions are less effective at restoring
                  | your health. [potion of mutation]
  3021 | D:4      | Gained mutation: You have hidden genetic potential. [potion
                  | of mutation]
  3021 | D:4      | Gained mutation: You are clumsy. (Dex -2) [potion of
                  | mutation]
  3024 | D:4      | Killed Eustachio
  3025 | D:4      | Reached skill level 5 in Polearms
  3138 | D:4      | Found a radiant altar of Vehumet.
  3251 | D:5      | Entered Level 5 of the Dungeon
  3258 | D:5      | Identified the +6 war axe of Disembowelment {vorpal, rC+
                  | Int+5 Dex+3}
  3378 | D:5      | Reached * piety under Okawaru
  3379 | D:5      | Reached XP level 7. HP: 48/53 MP: 7/7
  3424 | D:5      | Reached skill level 1 in Axes
  3429 | D:5      | Lost mutation: You are clumsy. (Dex -2) [hidden potential]
  3434 | D:5      | Found a runed translucent door.
  3434 | D:5      | Noticed KittyFluff's ghost (novice GrBe)
  4054 | D:6      | Reached ** piety under Okawaru
  4055 | D:6      | Gained mutation: You have an unusually large brain. (Int
                  | +2) [demonic ancestry]
  4055 | D:6      | Reached XP level 8. HP: 46/61 MP: 8/8
  4167 | D:6      | Gained mutation: You possess an exceptional clarity of
                  | mind. [hidden potential]
  4167 | D:6      | Lost mutation: You have hidden genetic potential. [hidden
                  | potential expressed]
  4192 | D:6      | Lost mutation: Potions are less effective at restoring your
                  | health. [potion of mutation]
  4192 | D:6      | Lost mutation: You possess an exceptional clarity of mind.
                  | [potion of mutation]
  4192 | D:6      | Gained mutation: Your body sometimes deteriorates upon
                  | taking damage. [potion of mutation]
  4193 | D:6      | Lost mutation: Your body sometimes deteriorates upon taking
                  | damage. [potion of mutation]
  4193 | D:6      | Gained mutation: Armour fits poorly on your strangely
                  | shaped body. [potion of mutation]
  4193 | D:6      | Gained mutation: You possess an exceptional clarity of
                  | mind. [potion of mutation]
  4201 | D:6      | Found Nigar's Assorted Antiques.
  4209 | D:6      | Bought a scroll labelled TIM PEOZ XEYME for 16 gold pieces
  4209 | D:6      | Bought a potion of curing for 48 gold pieces
  4209 | D:6      | Bought a scroll labelled WIHAAWN ULYI for 16 gold pieces
  4224 | D:6      | Reached skill level 1 in Shields
  4254 | D:6      | Noticed Maggie
  4270 | D:6      | Killed Maggie
  4271 | D:6      | Reached skill level 5 in Fighting
  4518 | D:7      | Reached *** piety under Okawaru
  4682 | D:7      | Gained mutation: You have an extremely huge brain. (Int +4)
                  | [demonic ancestry]
  4682 | D:7      | Reached XP level 9. HP: 68/68 MP: 9/9
  4757 | D:7      | Reached skill level 5 in Axes
  4809 | D:7      | Reached skill level 5 in Throwing
  5019 | D:7      | Received a gift from Okawaru
  5067 | D:7      | Noticed Pikel
  5074 | D:7      | Killed Pikel
  5075 | D:7      | Reached skill level 5 in Armour
  5324 | D:8      | Noticed an elephant
  5335 | D:8      | Killed an elephant
  5335 | D:8      | Reached **** piety under Okawaru
  5336 | D:8      | Reached skill level 5 in Shields
  5347 | D:8      | Reached XP level 10. HP: 66/76 MP: 10/10
  5367 | D:8      | Found a staircase to the Lair.
  5990 | D:8      | Found a hazy altar of Hepliaklqana.
  6095 | D:8      | Found a shimmering altar of Xom.
  6240 | D:9      | Reached ***** piety under Okawaru
  6370 | D:9      | Noticed Gastronok
  6377 | D:9      | Noticed Maurice
  6423 | D:9      | Killed Maurice
  6423 | D:9      | Received a gift from Okawaru
  6434 | D:9      | Killed from afar by Gastronok

Illustrated notes

Levels and vault maps discovered:
D:1:      matt_arrival_grand_opening, layout_loops_ring
D:2:      layout_basic, uniq_sigmund
D:3:      wander_river, layout_basic, minitemple, mainiacjoe_overflow_24_doors,
          gammafunk_ghost_cemetery, uniq_grinder
D:4:      layout_rooms, kennysheep_little_box, minmay_temple_entry_arrows,
          uniq_eustachio
D:5:      layout_basic, gammafunk_ghost_grave, chequers_serial_rivers_small_b,
          nicolae_elevator_lobby_asterisk
D:6:      layout_rooms, serial_shops, nicolae_shop_crystal,
          minmay_misc_feat_chi, uniq_maggie
D:7:      layout_loops_corners, kennysheep_boxes, uniq_pikel
D:8:      layout_loops_ring, nicolae_hepliaklqana_hippocampus,
          lemuel_round_altar, david_lair_generic, minmay_door_square,
          chequers_serial_rivers_large_b, mrwooster_statue_mirror
D:9:      layout_cave_pods, zombieorc2_lemuel, kennysheep_cross_room,
          grunt_ministairs_5, uniq_maurice, uniq_gastronok
Temple:   hellmonk_temple_two_chambers

Skill      XL: |  1  2  3  4  5  6  7  8  9 10 |
---------------+-------------------------------+-----
Polearms       | 3 4 5 |  5.0
Throwing       | 2 3 4 5 6 |  6.3
Armour         | 1 2 3 4 5 6 |  6.0
Fighting       | 3 4 5 6 7 |  7.0
Axes           | 3 4 6 7 |  7.5
Shields        | 3 5 6 |  6.7
Dodging        | |  2.6

Action                   |  1- 3 |  4- 6 |  7- 9 | 10-12 || total
-------------------------+-------+-------+-------+-------++-------
Melee: Trident           |   149 |   137 |       |       ||   286
       War axe           |       |     5 |   188 |   124 ||   317
       Punch             |       |     1 |     1 |       ||     2
Throw: Javelin           |       |    12 |     5 |    14 ||    31
       Throwing net      |       |     1 |       |       ||     1
       Boomerang         |       |       |     2 |    10 ||    12
Invok: Heroism           |       |       |     1 |     1 ||     2
  Use: Potion            |       |     5 |     3 |     2 ||    10
       Scroll            |       |       |     8 |     3 ||    11
 Stab: Distracted        |     1 |       |       |       ||     1
       Sleeping          |     1 |     2 |       |       ||     3
Armor: Leather armour    |    35 |       |       |       ||    35
       Ring mail         |       |    77 |    14 |       ||    91
       Acid dragon scale |       |       |    28 |    27 ||    55
Dodge: Dodged            |    81 |   146 |    91 |    44 ||   362
Block: Buckler           |       |       |    40 |    44 ||    84
